 Dungeon Crawl Stone Soup version 0.31-a0-625-gc9c7e45f3f (webtiles) character file.

Game seed: 11696940829460212088

1526 Descartes the Scratcher (level 8, -11/36 HPs)
             Began as a Felid Shapeshifter on Aug 24, 2023.
             Mangled by an orc warrior
             ... wielding a +0 battleaxe
              (17 damage)
             ... on level 6 of the Dungeon.
             The game lasted 00:05:52 (4459 turns).

Descartes the Scratcher (Felid Shapeshifter)        Turns: 4459, Time: 00:05:52

Health: -11/36     AC:  2    Str: 19    XL:     8   Next: 55%
Magic:  9/9        EV: 25    Int:  9    God:
Gold:   352        SH:  0    Dex: 17    Spells: 7/7 levels left
                                        Lives:  0   Deaths: 3

rFire   . .          .
                       - Unarmed
rCold   . . .        (shield unavailable)
rNeg    . . .        (body armour unavailable)
rPois   .            (helmet unavailable)
rElec   .            (cloak unavailable)
rCorr   .            (gloves unavailable)
SInv    +            (boots unavailable)
Will    +....        (no amulet)
Stlth   +++          m - +6 ring of strength
HPRegen 0.26/turn    e - +5 ring of evasion
MPRegen 0.11/turn

%: no passive effects
@: beast-form, quick
A: beast (slay +3), very small, claws 1, fangs 3, see invisible, speed 1, shaggy
fur 2, stealthy paws, no weapons or thrown items, no armour, multi-lived
a: Begin Untransformation


You were on level 6 of the Dungeon.
You were a hulking beast.
You visited 1 branch of the dungeon, and saw 6 of its levels.

You collected 352 gold pieces.

Inventory:

Jewellery
 e - a +5 ring of evasion (right paw)
 i - a ring of fire
 m - a +6 ring of strength (left paw)
 t - an amulet of magic regeneration
Talismans
 b - a beast talisman (active)
 c - a flux talisman
 q - a beast talisman (active)
Wands
 v - a wand of polymorph (9)
Scrolls
 d - 2 scrolls of fear {unknown}
 g - a scroll of blinking {unknown}
 h - a scroll of noise {unknown}
 j - 2 scrolls of fog {unknown}
 k - 6 scrolls of identify {unknown}
 l - 4 scrolls of teleportation {unknown}
 o - 2 scrolls of poison {unknown}
 r - 2 scrolls of enchant weapon {unknown}
 s - a scroll of vulnerability {unknown}
 w - 2 scrolls of acquirement {unknown}
Potions
 a - 3 potions of lignification
 f - 5 potions of curing
 n - a potion of attraction {unknown}
 p - a potion of resistance {unknown}
 u - a potion of berserk rage {unknown}


   Skills:
 + Level 4.2 Fighting
 + Level 6.3 Dodging
 + Level 6.0 Stealth
 * Level 6.9 Unarmed Combat
 + Level 5.4 Shapeshifting


You had 7 spell levels left.
You didn't know any spells.
Your spell library contained the following spells:

 Spells                   Type           Power      Damage    Failure   Level
 Stone Arrow              Conj/Erth      0%         3d7       77%         3
 Summon Guardian Golem    Hex/Summ       0%         N/A       77%         3
 Tukima's Dance           Hex            0%         N/A       77%         3
 Iskenderun's Mystic Bla  Conj/Tloc      0%         2d3       99%         4
 Orb of Destruction       Conj           0%         9d5       100%        7
 Spellforged Servitor     Conj/Summ      0%         N/A       100%        7
 Lehudib's Crystal Spear  Conj/Erth      0%         10d2      100%        8
 Portal Projectile        Hex/Tloc       Unusable   N/A       N/A         3
 Animate Armour           Summ/Erth      Unusable   N/A       N/A         4

Dungeon Overview and Level Annotations

Branches:
Dungeon (6/15)             Temple (0/1) D:6

Altars:
Elyvilon
Gozag
Okawaru
Sif Muna
Uskayaw
Yredelemnul
Zin

Shops:
D:4 *   D:5 [


Innate Abilities, Weirdness & Mutations

You are a hulking beast.
Your limbs bulge with bestial killing power. (Slay +3)
You have sharp claws.
You have razor-sharp teeth.
You have supernaturally acute eyesight. (SInv)
You cover ground quickly. (Speed+)
You are covered in thick fur. (AC +2)
Your paws help you pounce on unaware monsters.
You are incapable of wielding weapons or throwing items.
You cannot wear armour.
You gain extra lives every three experience levels.


Message History

You closely miss the orc warrior.
You bite the orc warrior, but do no damage.
The orc warrior is moderately wounded.
The orc warrior completely misses you.
You scratch the orc warrior but do no damage.
The orc warrior is moderately wounded.
The orc warrior completely misses you.
You closely miss the orc warrior.
The orc warrior is moderately wounded.
The orc warrior completely misses you.
You scratch the orc warrior but do no damage.
The orc warrior is moderately wounded.
The orc warrior hits you with a +0 battleaxe.
You scratch the orc warrior but do no damage.
Your bite misses the orc warrior.
The orc warrior is moderately wounded.
The orc warrior completely misses you.
You scratch the orc warrior but do no damage.
You bite the orc warrior.
The orc warrior is moderately wounded.
The orc warrior closely misses you.
You scratch the orc warrior but do no damage.
The orc warrior is moderately wounded.
The orc warrior hits you with a +0 battleaxe!
* * * LOW HITPOINT WARNING * * *
You are too injured to fight recklessly!
You are too injured to fight recklessly!
You are too injured to fight recklessly!
You are too injured to fight recklessly!
You are too injured to fight recklessly!
You are too injured to fight recklessly!
You are too injured to fight recklessly!
You are too injured to fight recklessly!
You are too injured to fight recklessly!
You are too injured to fight recklessly!
You are too injured to fight recklessly!
You claw the orc warrior!
The orc warrior is almost dead.
The orc warrior hits you with a +0 battleaxe!
You die...

.##...##....#
....>.. .8..#
#....## .#
...##....#
##.....##
..##.##..#
.......(#
#..#.#..##
#........#
##.....##
#........#
.#..8..#..#
#.#.....#
.........# #.#.o..#
#..###########.#h##
.....>............#
#####.########....#
# #.# #####...# #
#.# #.......# # #.#
#.###.#.# # ##.#
#.# #.#.# ####..#
##.###.#.#
......####...##.#.#


You could see an orc warrior.

Vanquished Creatures
  Edmund (D:4)
  Menkaure (D:4)
  A sky beast (D:6)
  2 ice beasts
  An ogre (D:5)
  A phantom (D:5)
  A kobold brigand (D:5)
  2 bullfrogs (D:6)
  2 scorpions
  A howler monkey (D:5)
  4 hounds
  A gnoll bouda (D:6)
  3 iguanas (D:5)
  3 jellies
  A sleepcap (D:6)
  11 gnolls
  4 adders
  A white imp (D:6)
  An ufetubus (D:6)
  3 worms
  7 orcs
  4 ball pythons
  7 bats
  8 endoplasms
  4 giant cockroaches
  9 hobgoblins
  A quokka (D:1)
  3 frilled lizards
  7 goblins
  10 kobolds
  5 rats
110 creatures vanquished.

Vanquished Creatures (others)
  An orc wizard (D:6)
  A gnoll (D:6)
2 creatures vanquished.

Grand Total: 112 creatures vanquished

Notes
Turn   | Place    | Note
-------+----------+-------------------------------------------
     0 | D:1      | Descartes the Felid Shapeshifter began the quest for the
                  | Orb.
     0 | D:1      | Reached XP level 1. HP: 9/9 MP: 2/2
   300 | D:1      | Reached XP level 2. HP: 12/12 MP: 3/3
   303 | D:1      | Reached skill level 1 in Stealth
   811 | D:2      | Reached XP level 3. HP: 9/15 MP: 4/4
   868 | D:2      | Identified the +1 robe of the Beekeeper {rF++ Will+
                  | Archmagi}
  1326 | D:2      | Reached XP level 4. HP: 19/19 MP: 5/5
  1968 | D:4      | Found Ethroq's General Store.
  1981 | D:4      | Found an opulent altar of Gozag.
  1981 | D:4      | Found a glowing silver altar of Zin.
  1983 | D:4      | Found a hide-covered altar of Uskayaw.
  1995 | D:4      | Found a shimmering blue altar of Sif Muna.
  2057 | D:4      | Noticed Menkaure
  2062 | D:4      | Noticed Edmund
  2116 | D:4      | Found a basalt altar of Yredelemnul.
  2241 | D:4      | Noticed a scorpion
  2246 | D:4      | Killed a scorpion
  2247 | D:4      | Reached XP level 5. HP: 22/22 MP: 6/6
  2335 | D:4      | Killed Edmund
  2338 | D:4      | HP: 1/22 [orc/stone (1)]
  2494 | D:4      | Killed Menkaure
  2495 | D:4      | Gained mutation: You are covered in thick fur. (AC +2)
                  | [Felid growth]
  2495 | D:4      | Reached XP level 6. HP: 14/27 MP: 7/7
  2659 | D:4      | Noticed an ice beast
  2664 | D:4      | Slain by an ice beast
  2710 | D:4      | Killed an ice beast
  2711 | D:4      | Reached skill level 5 in Unarmed Combat
  2934 | D:5      | Entered Level 5 of the Dungeon
  2947 | D:5      | Found an iron altar of Okawaru.
  3043 | D:5      | Reached XP level 7. HP: 14/31 MP: 8/8
  3046 | D:5      | HP: 1/31 [acid (5)]
  3364 | D:5      | Reached skill level 5 in Dodging
  3523 | D:5      | Slain by an ogre
  3612 | D:5      | Reached skill level 5 in Stealth
  3736 | D:5      | Found Qiunlig's Antique Armour Emporium.
  3991 | D:6      | Found a white marble altar of Elyvilon.
  4065 | D:6      | Reached skill level 5 in Shapeshifting
  4077 | D:6      | Reached XP level 8. HP: 36/36 MP: 9/9
  4181 | D:6      | Slain by an adder
  4348 | D:6      | Found a staircase to the Ecumenical Temple.
  4459 | D:6      | Mangled by an orc warrior

Illustrated notes

Levels and vault maps discovered:
D:1:      roderic_chinese_lattice_arrival, layout_loops_ring,
          minmay_heptomino_h4
D:2:      layout_loops_ring, minmay_misc_feat_columns, minmay_3d_cube
D:3:      layout_rooms
D:4:      layout_basic, nicolae_overflow_hidden_temple,
          nicolae_overflow_quartered_altars, serial_shops, shop,
          patterned_corridor, uniq_menkaure, uniq_edmund
D:5:      layout_rooms, okawaru_trees_2, serial_shops, shop_fountains,
          serial_park_tiny_pond
D:6:      layout_loops_ring, elyvilon_altar_1, minmay_temple_entry_waves

Skill      XL: |  1  2  3  4  5  6  7  8 |
---------------+-------------------------+-----
Stealth        | 1 2 3 4 5 6 |  6.0
Dodging        | 3 4 5 6 |  6.3
Fighting       | 2 3 4 |  4.2
Unarmed Combat | 4 5 6 |  6.9
Shapeshifting  | 4 5 |  5.4

Action                     |  1- 3 |  4- 6 |  7- 9 || total
---------------------------+-------+-------+-------++-------
  Melee: Unarmed           |    57 |    90 |   132 ||   279
         Bite              |     5 |     9 |    19 ||    33
         Punch             |     1 |     1 |     7 ||     9
    Use: Potion            |       |     3 |     1 ||     4
   Stab: Sleeping          |     8 |    11 |     5 ||    24
         Distracted        |     1 |     1 |       ||     2
         Invisible         |       |     1 |       ||     1
 Armour: Skin              |     2 |     3 |     3 ||     8
  Dodge: Dodged            |    24 |    54 |   137 ||   215

Table legend: (Time is in decaauts)
 A = Elapsed time spent in this place.
 B = Non-inter-level travel time spent in this place.
 C = Inter-level travel time spent in this place.
 D = Time resting spent in this place.
 E = Time spent auto-exploring this place.
 F = Levels seen in this place.
 G = Mean time per level.
                   A        B        C        D        E       F      G
               +--------+--------+--------+--------+--------+-----+--------+
         Total |   3766 |   3682 |     84 |      0 |   2896 |   6 |  627.7 |
       Dungeon |   3766 |   3682 |     84 |      0 |   2896 |   6 |  627.7 |
               +--------+--------+--------+--------+--------+-----+--------+

Top non-repeatable levels by time:
     D:4: 944 daAuts
     D:5: 798 daAuts
     D:2: 632 daAuts
     D:1: 515 daAuts
     D:3: 468 daAuts
     D:6: 407 daAuts
